 Dungeon Crawl Stone Soup version 0.32-a0-918-g0f22ef8d61 (webtiles) character file.

Game seed: 17140072683241027259

260809 D0namaru the Spry (level 18, -5/171 HPs)
             Began as a Demonspawn Gladiator on Apr 10, 2024.
             Was a High Priest of Dithmenos.
             Slain by a white very ugly thing (52 damage)
             ... on level 2 of the Vaults.
             The game lasted 01:24:20 (28427 turns).

D0namaru the Spry (Demonspawn Gladiator)           Turns: 28427, Time: 01:24:20

Health: -5/171     AC: 19    Str: 22    XL:     18   Next: 92%
Magic:  19/19      EV: 33    Int: 12    God:    Dithmenos [*****.]
Gold:   2258       SH:  4    Dex: 29    Spells: 17/17 levels left

rFire   + .          .
                       - Unarmed
rCold   . . .        (no shield)
rNeg    . . .        r - +3 robe of Kathenotheism {Will+ Regen+ Str+5}
rPois   .            N - +3 crown of Dyrovepreva {rElec Int+2 SInv}
rElec   +            o - scarf {repulsion}
rCorr   .            (gloves unavailable)
SInv    +            K - +2 pair of boots "Peudgh" {Fly Dex+4 Stlth+}
Will    ++...        p - amulet of regeneration
Stlth   +++++++      W - ring of False Pretenses {rElec Dex+6 Stlth+}
HPRegen 2.08/turn    b - +7 ring of slaying
MPRegen 0.16/turn

%: repel missiles
@: flying, wreathed by umbra
A: icemail 1, robust 1, spiny 2, sharp scales 3, condensation shield, demonic
touch 3, fangs 1, fire resistance 1, high MP 1
}: 2/15 runes: decaying, serpentine
a: Renounce Religion, Shadow Step, Shadow Form


You were on level 2 of the Vaults.
You worshipped Dithmenos.
Dithmenos was extremely pleased with you.
You visited 7 branches of the dungeon, and saw 31 of its levels.
You also visited: Sewer, Gauntlet, Ice Cave and Volcano.

You collected 3789 gold pieces.
You spent 1531 gold pieces at shops.

Inventory:

Missiles
 c - 5 throwing nets (quivered) {=f}
 Q - 166 stones
Armour
 n - a scarf of resistance
 o - a scarf of repulsion (worn)
 q - a +0 crystal plate armour
 r - the +3 robe of Kathenotheism (worn) {Will+ Regen+ Str+5}
   (You found it on level 3 of the Dungeon)

   Str+5:     It affects your strength (+5).
   Will+:     It increases your willpower.
   Regen+:    It increases your rate of health regeneration.
 K - the +2 pair of boots "Peudgh" (worn) {Fly Dex+4 Stlth+}
   (You found it in a Gauntlet)

   Dex+4:     It affects your dexterity (+4).
   Fly:       It grants you flight.
   Stlth+:    It makes you more stealthy.
 N - the +3 crown of Dyrovepreva (worn) {rElec Int+2 SInv}
   (You found it in a Gauntlet)

   Int+2:     It affects your intelligence (+2).
   rElec:     It insulates you from electricity.
   SInv:      It lets you see invisible.
Jewellery
 b - a +7 ring of slaying (right hand)
 d - a +4 ring of slaying
 h - a +6 ring of dexterity
 p - an amulet of regeneration (around neck)
 W - the ring of False Pretenses (left hand) {rElec Dex+6 Stlth+}
   (You found it on level 13 of the Dungeon)

   [ring of dexterity]

   Dex+6:     It affects your dexterity (+6).
   rElec:     It insulates you from electricity.
   Stlth+:    It makes you more stealthy.
Wands
 j - a wand of warping (17)
 w - a wand of acid (16)
 y - a wand of flame (50)
 G - a wand of polymorph (7)
 L - a wand of mindburst (3)
 M - a wand of paralysis (27)
Scrolls
 a - a scroll of summoning
 e - 10 scrolls of fear
 f - 6 scrolls of fog
 i - 9 scrolls of identify
 t - 5 scrolls of teleportation
 x - 8 scrolls of enchant weapon
 A - 3 scrolls of noise {!r}
 B - 3 scrolls of blinking {!r}
 C - a scroll of brand weapon
 E - 2 scrolls of immolation {!r}
 H - 2 scrolls of vulnerability {!r!r}
 J - 6 scrolls of enchant armour
 R - 2 scrolls of silence
 T - 2 scrolls of revelation
Potions
 g - 5 potions of magic
 k - 6 potions of lignification {!q}
 l - 5 potions of heal wounds
 m - 6 potions of ambrosia
 s - 6 potions of haste
 u - 13 potions of curing
 z - 3 potions of cancellation
 D - 4 potions of resistance
 F - 4 potions of enlightenment
 I - 2 potions of invisibility
 O - 5 potions of might
 P - 3 potions of brilliance
 U - 3 potions of mutation {!q}
Miscellaneous
 v - a Gell's gravitambourine (2/2)
 S - a phantom mirror


   Skills:
 + Level 17.6 Fighting
 - Level 1.7 Throwing
 * Level 13.6 Armour
 - Level 20.0 Dodging
 + Level 15.2 Unarmed Combat


You had 17 spell levels left.
You didn't know any spells.
Your spell library contained the following spells:

 Spells                   Type           Power      Damage    Failure   Level
 Apportation              Tloc           0%         N/A       32%         1
 Kiss of Death            Conj/Necr      0%         2d5       32%         1
 Necrotise                Necr           0%         1d4       32%         1
 Sting                    Conj/Alch      0%         1d3       32%         1
 Summon Small Mammal      Summ           0%         N/A       32%         1
 Ensorcelled Hibernation  Hex/Ice        0%         N/A       45%         2
 Call Canine Familiar     Summ           0%         N/A       69%         3
 Maxwell's Portable Pile  Tloc           0%         2d(5-13)  69%         3
 Passwall                 Erth           0%         N/A       69%         3
 Sigil of Binding         Hex            0%         N/A       69%         3
 Swiftness                Air            0%         N/A       69%         3
 Teleport Other           Tloc           0%         N/A       69%         3
 Tukima's Dance           Hex            0%         N/A       69%         3
 Vampiric Draining        Necr           0%         2d6       69%         3
 Volatile Blastmotes      Fire/Tloc      0%         2d10      69%         3
 Airstrike                Air            0%         2d(0-16)  97%         4
 Animate Dead             Necr           0%         N/A       97%         4
 Brom's Barrelling Bould  Conj/Erth      0%         2d3       97%         4
 Dimensional Bullseye     Hex/Tloc       0%         N/A       97%         4
 Fulminant Prism          Conj/Alch      0%         3d5       97%         4
 Iskenderun's Mystic Bla Conj/Tloc 0%             2d3        (+2d1     97%         4
 Martyr's Knell           Necr/Summ      0%         N/A       97%         4
 Summon Blazeheart Golem  Fire/Summ      0%         N/A       97%         4
 Vhi's Electric Charge    Tloc/Air       0%         N/A       97%         4
 Arcjolt                  Conj/Air       0%         1d10      100%        5
 Borgnjor's Vile Clutch   Necr/Erth      0%         N/A       100%        5
 Fireball                 Conj/Fire      0%         3d3       100%        5
 Iskenderun's Battlesphe  Conj           0%         2d6       100%        5
 Conjure Ball Lightning   Conj/Air       0%         3x3d6     100%        6
 Death Channel            Necr           0%         N/A       100%        6
 Dispersal                Tloc           0%         N/A       100%        6
 Gell's Gavotte           Tloc           0%         2d(11-16) 100%        6
 Sculpt Simulacrum        Ice/Alch       0%         N/A       100%        6
 Haunt                    Necr/Summ      0%         N/A       100%        7
 Orb of Destruction       Conj           0%         9d5       100%        7
 Ozocubu's Refrigeration  Ice            0%         4d7       100%        7
 Infestation              Necr           0%         N/A       100%        8
 Maxwell's Capacitive Co  Air            0%         ∞         100%        8
 Death's Door             Necr           0%         N/A       100%        9
 Polar Vortex             Ice            0%         N/A       100%        9


Dungeon Overview and Level Annotations

Branches:
Dungeon (13/15)            Temple (1/1) D:6            Lair (5/5) D:8
  Swamp (4/4) Lair:3        Snake (4/4) Lair:3        Slime (0/5) Lair:5
    Orc (2/2) D:10            Elf (0/3) Orc:2        Vaults (2/5) D:13
  Sewer (visited)           IceCv (visited)         Volcano (visited)
Gauntlet (visited)
  Crypt: Vaults:2-3

Altars:
Ashenzari
Cheibriados
Dithmenos
Fedhas
Gozag
Hepliaklqana
Kikubaaqudgha
Makhleb
Nemelex Xobeh
Okawaru
Qazlal
Ru
Sif Muna
Trog
Uskayaw
Vehumet
Wu Jian
Xom
Yredelemnul
Jiyva

Shops:
D:1 =   D:9 =   Orc:2 [(*((   Snake:1 =   Snake:2 ::=

Portals:
Hell: Lair:5


Innate Abilities, Weirdness & Mutations

A meltable icy envelope protects you from harm. (AC +4)
You are robust. (+10% HP)
You are mostly covered in sharp spines.
You are completely covered in razor-sharp scales. (AC +3, Slay +3)
A meltable shield of frost defends you. (SH +4)
Your touch may irresistibly damage your foes and sap their willpower.
You have very sharp teeth.
Your flesh is heat resistant. (rF+)
You have an increased reservoir of magic. (+10% MP)


Message History

You punch the white very ugly thing! You bite the white very ugly thing.
You feel sick.
You hit the white very ugly thing but do no damage.
You punch the white very ugly thing.
You feel sick.
You are no longer poisoned.
The white very ugly thing is struck by your spines.
The white very ugly thing claws you but does no damage.
The white very ugly thing attacks as it pursues you!
The white very ugly thing closely misses you.
The cyan ugly thing basks in the mutagenic energy from its kin and changes!
You regained 3 hp, and now have 58/171 hp.
The white very ugly thing attacks as it pursues you!
The white very ugly thing completely misses you.
The purple very ugly thing basks in the mutagenic energy from its kin and changes!
You regained 2 hp, and now have 60/171 hp.
The white very ugly thing attacks as it pursues you!
The white very ugly thing completely misses you.
You regained 2 hp, and now have 62/171 hp.
The cyan ugly thing basks in the mutagenic energy from its kin and changes!
The white very ugly thing basks in the mutagenic energy from its kin and changes! x2
The white very ugly thing kicks you.
The white very ugly thing freezes you!!!
* * * LOW HITPOINT WARNING * * *
There is a large open door, spattered with blood here.
You take 39 damage, and have 23/171 hp.
MASSIVE DAMAGE!!
You feel much better.
The white very ugly thing is struck by your spines.
The white very ugly thing completely misses you.
You regained 22 hp, and now have 45/171 hp.
The white very ugly thing attacks as it pursues you!
The white very ugly thing completely misses you.
You regained 2 hp, and now have 47/171 hp.
The brown very ugly thing basks in the mutagenic energy from its kin and changes!
You regained 2 hp, and now have 49/171 hp.
The white very ugly thing attacks as it pursues you!
The white very ugly thing kicks you.
The white very ugly thing freezes you!!!
You die...

#.........#.^........##.......
#.........#..........#########
#.........#..........#
#.........#..........#
#.........############
........# ........# ........#
###########
........###@...#....##
........##u#..#.#..#.##
........'...##...##...#
........'...##...##...#
......uu#...##...##...#
.......u#...##...##...#
......u.#...##...##...#
.........##.#..#.#..#.##
#.........###....#....##


You could see 4 very ugly things and a green ugly thing.

Levels and vault maps discovered:
D:1:      sevenhm_arrival_forest_fort_small_4, layout_loops_corners,
          serial_shops, shop, item_on_display_a
D:2:      layout_loops_cross, shapermc_ecumenical_altar_mp_vishouse,
          grunt_decor_resistance, minmay_fountain_box, uniq_terence
D:3:      layout_basic
D:4:      layout_basic, minmay_misc_feat_five,
          serial_library_hellmonk_angled_corner, minmay_misc_feat_cross
D:5:      layout_basic, marbit_many_paths, patterned_corridor
D:6:      layout_basic, minmay_temple_entry_from_below_a,
          lightli_sewer_entry_pipes, minmay_holes
D:7:      layout_rooms, chequers_serial_rivers_micro_d, uniq_prince_ribbit1,
          uniq_jeremiah
D:8:      layout_basic, nicolae_overflow_squiral, due_lair_maze_entry_diamond,
          serial_ice, serial_ice_j, serial_ice_a, serial_ice_d, serial_ice_f,
          uniq_joseph, uniq_grum
D:9:      layout_basic, mainiacjoe_overflow_alcove_1, special_room
          [special_room_bee], nrook_mini_vaults, nicolae_shop_unique_rings,
          uniq_pikel
D:10:     nicolae_cairo_tiling_large, layout_loops_ring, hiddenorc1_lemuel
D:11:     layout_cave_pools, nicolae_wu_jian_wuxing_cycle
D:12:     layout_loops_ring, gauntlet_entry_generic,
          hellmonk_guarded_unrand_gyre_and_gimble
D:13:     hangedman_cross_cluster, layout_loops_ring, grunt_vaults_entry_tiered,
          gammafunk_ghost_crypt
Temple:   compressed_dpeg_circular_temple
Lair:1:   layout_cave_pods, basic_altar
Lair:2:   layout_chaotic_city, grunt_megastairs_3
Lair:3:   layout_roguey, swamp_mist, minmay_snake_entry_six_corridors,
          lightli_volcano_entry_magma_tube, minmay_stone_trees_medium,
          infiniplex_staircase_pool_2
Lair:4:   layout_misc_corridors
Lair:5:   evil_forest, layout_loops_ring, minmay_slime_entry_jelly_boxes
Swamp:1:  nicolae_swamp_flooded_prison, layout_falls_marsh,
          nicolae_swamp_tree_isthmus
Swamp:2:  layout_falls_marsh, ebering_ghost_disaster_area,
          evilmike_swamp_ruin_rubble_2, swamp_pool_5,
          nicolae_swamp_decorative_isthmus, infiniplex_staircase_pool
Swamp:3:  layout_falls_marsh, evilmike_swamp_ruin_house_4, swamp_pool_1_2,
          nicolae_swamp_dense_foliage
Swamp:4:  swamp_vile, layout_basic_swamp, swamp_pool_1_2, hangedman_swamp_pad,
          nicolae_swamp_dragon_and_kin
Snake:1:  layout_layer_cave, serial_shops, shop, grunt_ministairs_1, st_stairs_4
Snake:2:  layout_misc_corridors, drop_trap, minmay_shop_grove,
          grunt_megastairs_5, lemuel_fruit_tree
Snake:3:  layout_grid_shapes, grunt_megastairs_2, serial_bayou_shore_b,
          uniq_bai_suzhen
Snake:4:  snake_pit, layout_cave_town, basic_altar
Orc:1:    layout_caves, portal_ice_cave_entry_pillars_2
Orc:2:    st_orc_open, layout_diamond_mine, serial_shops,
          nicolae_shop_bloodbath_and_beyond
Vaults:1: vaults_room_large_hall, ontoclasm_vaults_fault,
          vaults_room_fancy_cross, nicolae_vaults_six-pack,
          hangedman_vaults_corner, vaults_dpeg_ring,
          nicolae_vaults_tetromino_T_1, layout_vaults_chaotic_city, uniq_boris
Vaults:2: v_misc_4, ontoclasm_vaults_twist, nicolae_vaults_little_squares_4,
          gammafunk_dig_for_victory, vaults_mumra_lcd,
          nicolae_vaults_storage_closets_3, nicolae_vaults_ring_of_whatevers,
          nicolae_vaults_trapezoid_lopsided_1, grunt_vaults_hallway_long,
          vaults_room_semicircle, vaults_mumra_minichess,
          nicolae_vaults_mitosis, vaults_room_pool, grunt_vaults_hallway_long,
          nicolae_vaults_double_plus_1, layout_vaults_omnicross

Notes
Turn   | Place    | Note
-------+----------+-------------------------------------------
     0 | D:1      | D0namaru the Demonspawn Gladiator began the quest for the
                  | Orb.
     0 | D:1      | Reached XP level 1. HP: 16/16 MP: 1/1
   244 | D:1      | Reached skill level 3 in Unarmed Combat
   283 | D:1      | Gained mutation: A meltable shield of frost defends you.
                  | (SH +4) [demonic ancestry]
   283 | D:1      | Reached XP level 2. HP: 23/23 MP: 2/2
   287 | D:1      | Found Fuoj's Jewellery Shop.
   793 | D:1      | Gained mutation: You are partially covered in sharp spines.
                  | [demonic ancestry]
   793 | D:1      | Reached XP level 3. HP: 28/28 MP: 3/3
   994 | D:2      | Reached skill level 3 in Fighting
  1125 | D:2      | Noticed Terence
  1142 | D:2      | HP: 1/29 [Terence/+0 falchion (4)]
  1143 | D:2      | Killed Terence
  1144 | D:2      | Reached XP level 4. HP: 2/35 MP: 4/4
  1620 | D:2      | Reached skill level 4 in Unarmed Combat
  1871 | D:2      | Found a faded altar of an unknown god.
  2141 | D:3      | Identified the +3 robe of Kathenotheism {Will+ Regen+
                  | Str+5}
  2165 | D:3      | Gained mutation: You are mostly covered in sharp spines.
                  | [demonic ancestry]
  2165 | D:3      | Reached XP level 5. HP: 42/42 MP: 5/5
  2182 | D:3      | Reached skill level 4 in Fighting
  2788 | D:4      | Noticed a black bear
  2795 | D:4      | Killed a black bear
  2796 | D:4      | Reached skill level 3 in Dodging
  2796 | D:4      | Gained mutation: Your touch may inflict minor irresistible
                  | damage on your foes. [demonic ancestry]
  2796 | D:4      | Reached XP level 6. HP: 49/49 MP: 6/6
  2952 | D:4      | Reached skill level 5 in Fighting
  2952 | D:4      | Reached skill level 5 in Unarmed Combat
  3197 | D:4      | Reached XP level 7. HP: 56/56 MP: 7/7
  3501 | D:4      | Identified the +1 war axe of Seeraoba {drain, *Slow Str+4
                  | SInv}
  3591 | D:4      | Gained mutation: You are occasionally teleported next to
                  | monsters. [potion of mutation]
  3591 | D:4      | Gained mutation: You have sharp toenails. [potion of
                  | mutation]
  3594 | D:4      | Lost mutation: You have sharp toenails. [potion of
                  | mutation]
  3594 | D:4      | Lost mutation: You are occasionally teleported next to
                  | monsters. [potion of mutation]
  3594 | D:4      | Gained mutation: You are frail. (-10% HP) [potion of
                  | mutation]
  3595 | D:4      | Lost mutation: You are frail. (-10% HP) [potion of
                  | mutation]
  3595 | D:4      | Gained mutation: You occasionally lose the ability to read
                  | scrolls when taking damage. [potion of mutation]
  3595 | D:4      | Gained mutation: Your mind is acute. (Int +4, Str/Dex -1)
                  | [potion of mutation]
  3595 | D:4      | Gained mutation: Your muscles are strong. (Str +4, Int/Dex
                  | -1) [potion of mutation]
  3609 | D:5      | Entered Level 5 of the Dungeon
  3691 | D:5      | Reached skill level 4 in Dodging
  3706 | D:5      | Reached skill level 6 in Fighting
  4077 | D:5      | Found an ornate altar of the Wu Jian Council.
  4408 | D:6      | Gained mutation: Your touch may inflict irresistible damage
                  | on your foes. [demonic ancestry]
  4408 | D:6      | Reached XP level 8. HP: 64/64 MP: 8/8
  4424 | D:6      | Reached skill level 6 in Unarmed Combat
  4495 | D:6      | Reached skill level 5 in Dodging
  4680 | D:6      | Found a staircase to the Ecumenical Temple.
  4819 | D:6      | Found a glowing drain.
  4823 | Sewer    | Entered a sewer
  5272 | D:7      | Noticed a hornet
  5280 | D:6      | Paralysed by a hornet for 3 turns
  5285 | D:6      | Killed a hornet
  5286 | D:6      | Reached skill level 7 in Fighting
  5286 | D:6      | Reached skill level 6 in Dodging
  5330 | D:7      | Reached XP level 9. HP: 69/72 MP: 9/9
  5358 | D:6      | Reached skill level 7 in Dodging
  5358 | D:6      | Reached skill level 7 in Unarmed Combat
  5462 | D:7      | Noticed Jeremiah
  5474 | D:7      | Noticed Prince Ribbit
  5476 | D:7      | Killed Jeremiah
  5481 | D:7      | Killed Prince Ribbit
  5649 | D:7      | Reached skill level 8 in Dodging
  5872 | D:8      | Reached skill level 8 in Fighting
  5927 | D:8      | Noticed Grum
  5935 | D:8      | Gained mutation: You are partially covered in razor-sharp
                  | scales. (AC +1, Slay +1) [demonic ancestry]
  5935 | D:8      | Reached XP level 10. HP: 81/81 MP: 10/10
  5947 | D:8      | Reached skill level 8 in Unarmed Combat
  5954 | D:8      | Killed Grum
  5955 | D:8      | Reached skill level 9 in Dodging
  6039 | D:8      | Found a shimmering altar of Xom.
  6088 | D:8      | Noticed a two-headed ogre
  6103 | D:8      | Killed a two-headed ogre
  6123 | D:8      | Found a staircase to the Lair.
  6204 | D:8      | Identified a +0 whip
  6204 | D:8      | Identified a +0 short sword
  6204 | D:8      | Identified a +0 club
  6204 | D:8      | Identified a +0 short sword
  6204 | D:8      | Identified a +0 dagger
  6204 | D:8      | Identified a +0 short sword
  6208 | D:8      | Identified a +0 dagger
  6208 | D:8      | Identified a +0 chain mail
  6209 | D:8      | Identified a +0 dagger
  6209 | D:8      | Identified a +0 robe
  6212 | D:8      | Identified a +0 short sword
  6212 | D:8      | Identified a +0 ring mail
  6251 | D:8      | Identified 4 potions of haste
  6252 | D:8      | Identified a potion of invisibility
  6253 | D:8      | Identified a potion of enlightenment
  6325 | D:8      | Identified a scroll of amnesia
  6326 | D:8      | Identified a scroll of summoning
  6326 | D:8      | Identified a +0 giant club
  6326 | D:8      | Identified a +0 dire flail
  6326 | D:8      | Identified a +0 vampiric spear
  6326 | D:8      | Identified a +0 ring mail
  6326 | D:8      | Identified a +0 club
  6326 | D:8      | Identified a +0 spear
  6326 | D:8      | Identified a +0 club
  6326 | D:8      | Identified a +0 halberd
  6326 | D:8      | Identified a +0 dagger
  6326 | D:8      | Identified a +0 robe
  6326 | D:8      | Identified a +0 dagger
  6326 | D:8      | Identified a +0 robe
  6326 | D:8      | Identified a +0 flail
  6326 | D:8      | Identified a +0 dagger
  6326 | D:8      | Identified a +0 robe
  6396 | D:8      | Reached skill level 9 in Fighting
  6456 | D:8      | Identified a +0 quarterstaff
  6456 | D:8      | Identified a +0 sling of electrocution
  6456 | D:8      | Identified a +0 ring mail
  6456 | D:8      | Noticed Joseph
  6471 | D:8      | Killed Joseph
  6507 | D:8      | Reached skill level 10 in Dodging
  6536 | D:8      | Identified a +0 hand axe
  6673 | D:8      | Identified 2 scrolls of blinking
  6674 | D:8      | Identified a +2 dagger of protection (You found it on level
                  | 3 of the Dungeon)
  6674 | D:8      | Identified a scroll of brand weapon
  6676 | D:8      | Identified 2 scrolls of enchant weapon
  6708 | D:9      | Paralysed by a hornet for 1 turns
  6819 | D:9      | Identified a +0 dagger
  6819 | D:9      | Identified a +0 robe
  6820 | D:9      | Identified a +0 trident
  6820 | D:9      | Identified a +0 whip
  6821 | D:9      | Identified a +0 dagger
  6821 | D:9      | Identified a +0 dagger
  6821 | D:9      | Identified a +0 robe
  6821 | D:9      | Identified a +0 dagger
  6821 | D:9      | Identified a +2 robe of positive energy
  6846 | D:9      | Identified a +0 falchion
  6908 | D:9      | Identified a +0 shortbow
  6913 | D:9      | Found a snail-covered altar of Cheibriados.
  6914 | D:9      | Identified a +0 whip
  6917 | D:9      | Identified a +0 short sword
  6917 | D:9      | Identified a +0 whip
  6919 | D:9      | Identified a +0 whip
  6919 | D:9      | Identified a +0 whip
  6921 | D:9      | Identified a +0 dagger
  6921 | D:9      | Identified a +0 robe
  6922 | D:9      | Identified a +0 dagger
  6944 | D:9      | Identified a +0 short sword
  6948 | D:9      | Identified a +0 dagger
  6948 | D:9      | Identified a +0 robe
  7041 | D:9      | Found Ucvusi's One-of-a-Kind Rings.
  7048 | D:9      | Gained mutation: You are mostly covered in razor-sharp
                  | scales. (AC +2, Slay +2) [demonic ancestry]
  7048 | D:9      | Reached XP level 11. HP: 89/89 MP: 11/11
  7052 | D:9      | Reached skill level 9 in Unarmed Combat
  7061 | D:9      | Bought a +2 ring of slaying for 120 gold pieces
  7217 | D:9      | Identified a +0 orcbow
  7254 | D:9      | Identified a +0 whip of freezing
  7254 | D:9      | Identified a +0 robe
  7254 | D:9      | Noticed Pikel
  7255 | D:9      | Identified a +0 short sword
  7256 | D:9      | Identified a +0 short sword
  7258 | D:9      | Identified a +0 club
  7259 | D:9      | Killed Pikel
  7519 | D:9      | Reached skill level 11 in Dodging
  7538 | D:9      | Reached skill level 10 in Fighting
  8150 | D:10     | Entered Level 10 of the Dungeon
  8265 | D:10     | Identified a +0 dagger
  8266 | D:10     | Identified a +0 whip
  8267 | D:10     | Identified a +0 mace
  8268 | D:10     | Identified a +0 dagger
  8268 | D:10     | Identified a +0 robe
  8349 | D:10     | Identified a +0 dagger
  8349 | D:10     | Identified a +0 robe
  8349 | D:10     | Identified a +0 hand axe
  8351 | D:10     | Identified a +0 hand axe
  8351 | D:10     | Identified a +0 short sword
  8351 | D:10     | Identified a +0 chain mail
  8351 | D:10     | Identified a +0 mace
  8352 | D:10     | Identified a +0 mace
  8352 | D:10     | Identified a +0 hand axe
  8352 | D:10     | Identified a +0 leather armour
  8352 | D:10     | Identified a +0 dagger
  8352 | D:10     | Identified a +0 robe
  8353 | D:10     | Identified a +0 dagger
  8353 | D:10     | Identified a +0 robe
  8353 | D:10     | Identified a +0 dagger
  8353 | D:10     | Identified a +0 robe
  8353 | D:10     | Identified a +0 war axe
  8355 | D:10     | Identified a +0 dagger
  8355 | D:10     | Identified a +0 robe
  8356 | D:10     | Identified a +0 dagger
  8356 | D:10     | Identified a +1 heavy morningstar
  8356 | D:10     | Identified a +0 chain mail
  8357 | D:10     | Identified a +0 dire flail
  8357 | D:10     | Identified a +0 chain mail
  8357 | D:10     | Identified a +0 short sword
  8357 | D:10     | Identified a +0 leather armour
  8357 | D:10     | Identified a +0 club
  8357 | D:10     | Identified a +0 leather armour
  8357 | D:10     | Identified a +0 hand axe
  8357 | D:10     | Identified a +0 leather armour
  8357 | D:10     | Identified a +1 heavy hand axe
  8357 | D:10     | Identified a +0 leather armour
  8357 | D:10     | Identified a +0 dagger
  8357 | D:10     | Identified a +0 flail
  8359 | D:10     | Identified a +0 mace
  8530 | D:10     | You fall into a shaft and drop 2 floors!
  8531 | D:12     | Identified a scroll of fog
  8532 | D:12     | Identified a scroll of poison
  8566 | D:12     | Found a gate leading to a gauntlet.
  8574 | Gauntlet | Entered a Gauntlet
  8574 | Gauntlet | Found a transporter.
  8574 | Gauntlet | Found a transporter.
  8577 | Gauntlet | Found a transporter.
  8596 | Gauntlet | Found a transporter.
  8619 | Gauntlet | Found a transporter.
  8625 | Gauntlet | Found a transporter.
  8625 | Gauntlet | Found a transporter.
  8660 | Gauntlet | Found a transporter.
  8660 | Gauntlet | Found a transporter.
  8660 | Gauntlet | Noticed a hell beast
  8662 | Gauntlet | Found a transporter.
  8662 | Gauntlet | Noticed a sixfirhy
  8663 | Gauntlet | Noticed a white ugly thing
  8664 | Gauntlet | Noticed a great orb of eyes
  8664 | Gauntlet | Noticed a purple ugly thing
  8686 | Gauntlet | Found a transporter.
  8691 | Gauntlet | Noticed a sixfirhy
  8693 | Gauntlet | Found a transporter.
  8693 | Gauntlet | Noticed a sixfirhy
  8697 | Gauntlet | Identified the +6 scale mail "Dicyshron" {rElec}
  8697 | Gauntlet | Noticed a minotaur
  8702 | Gauntlet | Noticed a brown ugly thing
  8702 | Gauntlet | Noticed a great orb of eyes
  8703 | Gauntlet | Found a transporter.
  8704 | Gauntlet | Noticed a green ugly thing
  8717 | Gauntlet | Found a transporter.
  8809 | Gauntlet | Noticed a goliath frog
  8829 | Gauntlet | Identified a ring of willpower
  8860 | Gauntlet | Killed a hell beast
  8875 | Gauntlet | Identified the +1 cloak "Hifeoxza" {Harm}
  8914 | Gauntlet | Killed a sixfirhy
  8915 | Gauntlet | Reached skill level 12 in Dodging
  8916 | Gauntlet | Killed a sixfirhy
  8921 | Gauntlet | Killed a sixfirhy
  8922 | Gauntlet | Reached skill level 10 in Unarmed Combat
  8933 | Gauntlet | Identified the +2 pair of boots "Peudgh" {Fly Dex+4 Stlth+}
  8949 | Gauntlet | Found the +3 crown of Dyrovepreva {rElec Int+2 SInv}
  8950 | Gauntlet | Identified a +2 short sword of holy wrath
  8965 | Gauntlet | Killed a minotaur
  8966 | Gauntlet | Gained mutation: You are completely covered in razor-sharp
                  | scales. (AC +3, Slay +3) [demonic ancestry]
  8966 | Gauntlet | Reached XP level 12. HP: 59/99 MP: 12/12
  8975 | Gauntlet | Identified a +0 plate armour
  8975 | Gauntlet | Identified a +2 helmet of intelligence
  8979 | Gauntlet | Got the Parchment of Death
  8993 | Gauntlet | Identified a +1 hat
  8993 | Gauntlet | Identified a +2 robe of willpower
  8995 | Gauntlet | Identified a +3 leather armour of cold resistance
  8996 | Gauntlet | Got Plog's Lessons on Turbulence
  9031 | D:12     | Identified a +0 troll leather armour
  9125 | D:12     | Identified a +0 scale mail
  9135 | D:12     | Identified a +0 troll leather armour
  9208 | D:12     | Identified a +0 giant spiked club
  9208 | D:12     | Identified a +0 giant spiked club
  9208 | D:12     | Noticed a two-headed ogre
  9208 | D:12     | Identified a +0 dire flail
  9208 | D:12     | Identified a +0 dire flail
  9208 | D:12     | Noticed a two-headed ogre
  9210 | D:12     | Identified a +0 dagger
  9210 | D:12     | Identified a +0 robe
  9210 | D:12     | Identified a +0 buckler
  9223 | D:12     | Killed a two-headed ogre
  9236 | D:12     | Killed a two-headed ogre
  9237 | D:12     | Reached skill level 11 in Fighting
  9243 | D:12     | Found the +8 pair of quick blades "Gyre" and "Gimble"
                  | {protect}
  9436 | D:12     | Identified a +0 spear
  9482 | D:12     | Identified a +0 chain mail
  9671 | D:12     | Identified a +0 chain mail
  9677 | D:12     | Identified a +0 rapier
  9683 | D:12     | Identified a +0 giant club
  9683 | D:12     | Identified a +0 giant club
  9683 | D:12     | Noticed a two-headed ogre
  9691 | D:12     | Killed a two-headed ogre
  9814 | D:12     | Reached skill level 13 in Dodging
  9910 | D:13     | Found a runed translucent gate.
  9912 | D:13     | Identified a +0 orcbow
  9912 | D:13     | Noticed a centaur warrior
  9918 | D:13     | Killed a centaur warrior
  9937 | D:13     | Identified a +0 orcbow
  9937 | D:13     | Noticed a centaur warrior
  9939 | D:13     | Identified a +0 orcbow
  9939 | D:13     | Noticed a centaur warrior
  9946 | D:13     | Killed a centaur warrior
  9947 | D:13     | Killed a centaur warrior
 10001 | D:13     | Identified a +0 rapier
 10001 | D:13     | Identified a +0 ring mail
 10004 | D:13     | Identified a +0 leather armour
 10030 | D:13     | Identified a +1 scale mail of cold resistance
 10033 | D:13     | Identified a +0 dagger
 10033 | D:13     | Identified a +0 robe
 10033 | D:13     | Identified a +0 great mace
 10033 | D:13     | Identified a +0 leather armour
 10033 | D:13     | Noticed a tengu warrior
 10036 | D:13     | Identified a +3 scimitar of flaming
 10046 | D:13     | Identified a +0 short sword
 10103 | D:13     | Identified a +0 orcbow
 10103 | D:13     | Noticed a centaur warrior
 10117 | D:13     | Killed a centaur warrior
 10118 | D:13     | Reached skill level 11 in Unarmed Combat
 10143 | D:13     | Noticed a catoblepas
 10143 | D:13     | Noticed an eight-headed hydra
 10151 | D:13     | Killed a catoblepas
 10162 | D:13     | Killed an eight-headed hydra
 10205 | D:13     | Identified a +0 dire flail
 10205 | D:13     | Identified a +0 giant club
 10205 | D:13     | Noticed a two-headed ogre
 10211 | D:13     | Identified a +0 orcbow
 10211 | D:13     | Noticed a centaur warrior
 10216 | D:13     | Killed a two-headed ogre
 10234 | D:13     | Reached XP level 13. HP: 61/107 MP: 13/13
 10236 | D:13     | HP: 18/107 [manticore simulacrum[a necromancer] (18)]
 10241 | D:13     | Reached skill level 12 in Fighting
 10241 | D:13     | Reached skill level 14 in Dodging
 10281 | D:13     | Identified a +0 orcbow
 10384 | D:13     | Identified a +0 giant club
 10384 | D:13     | Identified a +0 giant spiked club
 10388 | D:13     | Identified a +0 long sword
 10396 | D:13     | Identified a +0 dagger
 10396 | D:13     | Identified a +0 robe
 10397 | D:13     | Identified a +0 rapier
 10599 | D:13     | Identified a +0 whip
 10740 | D:13     | Identified a +0 mace
 10780 | D:13     | Found a runed translucent gate.
 10780 | D:13     | Found a runed translucent gate.
 10782 | D:13     | Found an ancient bone altar of Kikubaaqudgha.
 10782 | D:13     | Noticed a lich
 10782 | D:13     | Noticed a lich
 10783 | D:13     | Noticed a lich
 10783 | D:13     | Noticed a lich
 10783 | D:13     | Noticed Mexzoddasi's ghost (journeyman MiBe)
 10822 | D:13     | Identified a +0 executioner's axe
 10829 | D:13     | Identified a +0 morningstar
 10829 | D:13     | Identified a +0 plate armour
 10829 | D:13     | Identified a +0 dagger
 10829 | D:13     | Identified a +0 robe
 10839 | D:13     | Reached skill level 1 in Armour
 10861 | D:13     | Identified a +0 dagger
 10861 | D:13     | Identified a +0 robe
 10887 | D:13     | Found a gate to the Vaults.
 10887 | D:13     | Identified a +0 battleaxe
 10887 | D:13     | Identified a +0 plate armour
 10887 | D:13     | Identified a +2 dagger of flaming
 10887 | D:13     | Identified a +0 robe
 10887 | D:13     | Identified a +0 short sword
 10887 | D:13     | Identified a +0 shortbow
 10887 | D:13     | Identified a +0 leather armour
 10887 | D:13     | Identified a +0 battleaxe
 10887 | D:13     | Identified a +0 plate armour
 10887 | D:13     | Identified a +2 great sword of venom
 10887 | D:13     | Identified a +0 plate armour
 10887 | D:13     | Identified a +0 halberd
 10887 | D:13     | Identified a +0 plate armour
 10900 | D:13     | Identified a +0 chain mail
 10908 | D:13     | Reached skill level 2 in Armour
 10931 | D:13     | Reached skill level 15 in Dodging
 11015 | D:13     | Identified a +0 dagger
 11263 | D:11     | Identified a +0 short sword
 11266 | D:11     | Identified a +0 short sword
 11266 | D:11     | Identified a +0 dagger of flaming
 11266 | D:11     | Identified a +0 robe
 11267 | D:11     | Identified a +0 dagger
 11270 | D:11     | Identified a +0 dagger
 11270 | D:11     | Identified a +0 robe
 11270 | D:11     | Identified a +0 dagger
 11271 | D:11     | Identified a +0 club
 11271 | D:11     | Identified a +1 dagger of draining
 11271 | D:11     | Identified a +0 robe
 11271 | D:11     | Identified a +0 short sword
 11281 | D:11     | Reached skill level 3 in Armour
 11426 | Temple   | Entered the Ecumenical Temple
 11529 | Lair:1   | Entered Level 1 of the Lair of Beasts
 11615 | Lair:1   | Identified a +0 scale mail
 11627 | Lair:1   | Found an iron altar of Okawaru.
 11683 | Lair:1   | Reached skill level 13 in Fighting
 11930 | Lair:1   | Reached XP level 14. HP: 114/118 MP: 14/14
 12144 | Lair:1   | Reached skill level 4 in Armour
 12144 | Lair:1   | Identified a +0 ring mail
 12625 | Lair:2   | Identified 4 potions of might
 12626 | Lair:2   | Identified 3 potions of resistance
 12627 | Lair:2   | Identified 2 potions of brilliance
 12809 | Lair:2   | Identified a +0 scale mail
 13091 | Lair:3   | Found a staircase to the Swamp.
 13161 | Lair:3   | Found a dark tunnel.
 13179 | Lair:3   | Identified a scarf of resistance (You found it on level 2
                  | of the Dungeon)
 13180 | Volcano  | Entered a volcano
 13196 | Volcano  | Identified a +1 trident of flaming
 13205 | Volcano  | Reached skill level 16 in Dodging
 13220 | Volcano  | Identified a +3 scale mail of fire resistance
 13221 | Volcano  | Identified a +2 triple sword of flaming
 13270 | Volcano  | Identified a +0 trident of flaming
 13302 | Volcano  | Identified a +1 whip of flaming
 13302 | Volcano  | Identified a +0 robe of fire resistance
 13303 | Volcano  | Identified a +2 trident of flaming
 13321 | Volcano  | Reached skill level 5 in Armour
 13340 | Volcano  | Identified a +2 quick blade of flaming
 13345 | Volcano  | Identified a +2 leather armour of fire resistance
 13346 | Volcano  | Identified a +2 ring mail of fire resistance
 13393 | Lair:3   | Identified a scarf of repulsion (You found it on level 2 of
                  | the Dungeon)
 13509 | D:9      | Bought a +7 ring of slaying for 1242 gold pieces
 13574 | Lair:3   | Found a staircase to the Snake Pit.
 13614 | Lair:3   | Identified a +0 trident
 13632 | Lair:3   | Identified a +0 long sword
 13656 | Lair:3   | Identified a +0 leather armour
 14521 | Lair:4   | Identified a +1 rapier of protection
 14667 | Lair:5   | Entered Level 5 of the Lair of Beasts
 14679 | Lair:5   | Reached skill level 6 in Armour
 14700 | Lair:5   | Reached skill level 14 in Fighting
 14943 | Lair:5   | Reached skill level 17 in Dodging
 14989 | Lair:5   | Identified a +1 hand axe of electrocution
 14994 | Lair:5   | Found a viscous altar of Jiyva.
 14994 | Lair:5   | Found a staircase to the Slime Pits.
 15166 | Temple   | Became a worshipper of Dithmenos the Shadowed
 15357 | Lair:5   | Gained mutation: A meltable icy envelope protects you from
                  | harm. (AC +4) [demonic ancestry]
 15357 | Lair:5   | Reached XP level 15. HP: 126/126 MP: 15/15
 15633 | Lair:5   | Identified a +0 dagger
 15633 | Lair:5   | Identified a +0 robe
 15648 | Lair:5   | Found a burning altar of Makhleb.
 15648 | Lair:5   | Identified a +0 heavy trident
 15648 | Lair:5   | Identified a +1 trident of protection
 15651 | Lair:5   | Identified a +0 trident
 15685 | Lair:5   | Found a gateway to Hell.
 15687 | Lair:5   | Got an earthy gem with 77 turns to spare
 15693 | Lair:5   | Identified a +7 heavy battleaxe
 15792 | Lair:5   | Reached * piety under Dithmenos
 16454 | D:10     | Identified a +0 dagger
 16454 | D:10     | Identified a +0 robe
 16461 | D:10     | Identified a +0 war axe of freezing
 16461 | D:10     | Identified a +0 robe
 16461 | D:10     | Identified a +0 flail
 16461 | D:10     | Identified a +0 robe
 16574 | D:10     | Found a staircase to the Orcish Mines.
 16594 | Orc:1    | Entered Level 1 of the Orcish Mines
 16594 | Orc:1    | Identified a +0 trident
 16594 | Orc:1    | Identified a +0 plate armour
 16594 | Orc:1    | Identified a +0 dagger
 16594 | Orc:1    | Identified a +0 robe
 16594 | Orc:1    | Identified a +0 giant club
 16596 | Orc:1    | Identified a +0 dagger
 16596 | Orc:1    | Identified a +0 robe
 16598 | Orc:1    | Identified a +0 giant club
 16598 | Orc:1    | Identified a +0 giant club
 16618 | Orc:1    | Identified a +0 dagger
 16618 | Orc:1    | Identified a +0 robe
 16648 | Orc:1    | Identified a +0 halberd
 16648 | Orc:1    | Identified a +0 plate armour
 16648 | Orc:1    | Identified a +0 flail
 16648 | Orc:1    | Identified a +0 leather armour
 16648 | Orc:1    | Identified a +0 dagger
 16648 | Orc:1    | Identified a +0 robe
 16648 | Orc:1    | Identified a +0 dagger
 16648 | Orc:1    | Identified a +0 robe
 16672 | Orc:1    | Identified a +0 mace
 16672 | Orc:1    | Identified a +0 scale mail
 16673 | Orc:1    | Identified a +0 scimitar
 16673 | Orc:1    | Identified a +0 orcbow
 16673 | Orc:1    | Identified a +0 plate armour
 16673 | Orc:1    | Identified a +0 dagger
 16673 | Orc:1    | Identified a +0 robe
 16674 | Orc:1    | Identified a +0 dagger
 16675 | Orc:1    | Identified a +0 club
 16675 | Orc:1    | Identified a +0 leather armour
 16679 | Orc:1    | Found a frozen archway.
 16697 | IceCv    | Entered an ice cave
 16801 | IceCv    | Reached skill level 7 in Armour
 16823 | IceCv    | Reached ** piety under Dithmenos
 16877 | IceCv    | Identified a +0 plate armour
 16909 | IceCv    | Found the +4 skin of Zhor {*Englaciate rC+++ SInv}
 16909 | IceCv    | Identified a +0 dagger
 16909 | IceCv    | Identified a +0 robe
 16925 | IceCv    | Identified a +2 buckler of cold resistance
 16928 | IceCv    | Identified a +2 plate armour of cold resistance
 16959 | IceCv    | Identified a +2 demon whip of freezing
 17040 | Orc:1    | Identified a +0 giant spiked club
 17044 | Orc:1    | Reached skill level 12 in Unarmed Combat
 17063 | Orc:1    | Identified a +0 club
 17065 | Orc:1    | Identified a +0 hand axe
 17065 | Orc:1    | Identified a +0 ring mail
 17066 | Orc:1    | Identified a +0 dagger
 17066 | Orc:1    | Identified a +0 chain mail
 17066 | Orc:1    | Identified a +0 club
 17066 | Orc:1    | Identified a +0 scale mail
 17066 | Orc:1    | Identified a +0 giant club
 17067 | Orc:1    | Identified a +0 hand axe
 17067 | Orc:1    | Identified a +0 plate armour
 17239 | Orc:1    | Identified a +0 dagger
 17239 | Orc:1    | Identified a +0 robe
 17239 | Orc:1    | Identified a +0 dagger
 17239 | Orc:1    | Identified a +0 dagger
 17241 | Orc:1    | Identified a +0 war axe
 17241 | Orc:1    | Identified a +0 chain mail
 17244 | Orc:1    | Identified a +0 arbalest
 17249 | Orc:1    | Identified a +0 dagger
 17249 | Orc:1    | Identified a +0 robe
 17398 | Orc:2    | Entered Level 2 of the Orcish Mines
 17398 | Orc:2    | Identified a +0 hand axe
 17399 | Orc:2    | Identified a +0 hand axe
 17399 | Orc:2    | Identified a +0 flail
 17399 | Orc:2    | Identified a +0 plate armour
 17400 | Orc:2    | Identified a +0 dagger
 17400 | Orc:2    | Identified a +0 robe
 17400 | Orc:2    | Identified a +0 dagger
 17400 | Orc:2    | Identified a +0 war axe
 17402 | Orc:2    | Identified a +0 dagger
 17402 | Orc:2    | Identified a +0 robe
 17403 | Orc:2    | Identified a +0 whip
 17403 | Orc:2    | Identified a +0 leather armour
 17403 | Orc:2    | Identified a +0 arbalest
 17404 | Orc:2    | Identified a +0 orcbow
 17404 | Orc:2    | Identified a +0 glaive
 17404 | Orc:2    | Identified a +0 plate armour
 17415 | Orc:2    | Identified a +0 dagger
 17415 | Orc:2    | Identified a +2 robe of resistance
 17419 | Orc:2    | Paralysed by an orc sorcerer for 5 turns
 17420 | Orc:2    | Identified a +0 hand axe
 17420 | Orc:2    | Identified a +0 halberd
 17420 | Orc:2    | Identified a +0 chain mail
 17430 | Orc:2    | Identified a +0 flail
 17435 | Orc:2    | Reached *** piety under Dithmenos
 17435 | Orc:2    | Identified a +0 troll leather armour
 17437 | Orc:2    | Identified a +0 trident
 17437 | Orc:2    | Identified a +0 chain mail
 17441 | Orc:2    | Identified a +0 giant club
 17441 | Orc:2    | Identified a +0 giant spiked club
 17443 | Orc:2    | Identified a +0 mace of holy wrath
 17444 | Orc:2    | Identified a +0 dagger
 17445 | Orc:2    | Identified a +0 troll leather armour
 17487 | Orc:2    | Found Koirch's Weapon Shop.
 17523 | Orc:2    | Identified a +0 giant spiked club
 17523 | Orc:2    | Identified a +0 giant club
 17525 | Orc:2    | Found a staircase to the Elven Halls.
 17542 | Orc:2    | Found Ugeuc's Weapon Shoppe.
 17542 | Orc:2    | Identified a +0 giant spiked club
 17542 | Orc:2    | Identified a +0 giant spiked club
 17542 | Orc:2    | Identified a +0 giant club
 17543 | Orc:2    | Found Jupy's Weapon Shop.
 17543 | Orc:2    | Identified a +0 giant club
 17543 | Orc:2    | Identified a +0 dire flail
 17543 | Orc:2    | Identified a +0 giant club
 17543 | Orc:2    | Identified a +0 dire flail
 17543 | Orc:2    | Identified a +0 giant spiked club
 17543 | Orc:2    | Identified a +0 giant spiked club
 17543 | Orc:2    | Identified a +0 giant club
 17543 | Orc:2    | Identified a +0 giant club
 17544 | Orc:2    | Identified a +0 giant club
 17544 | Orc:2    | Identified a +0 giant spiked club
 17558 | Orc:2    | Identified a +0 flail
 17558 | Orc:2    | Identified a +0 robe
 17564 | Orc:2    | Identified a +0 troll leather armour
 17575 | Orc:2    | Identified a +0 club
 17575 | Orc:2    | Identified a +0 robe
 17576 | Orc:2    | Identified a +0 giant club
 17576 | Orc:2    | Identified a +0 giant spiked club
 17576 | Orc:2    | Identified a +0 giant club
 17576 | Orc:2    | Identified a +0 giant spiked club
 17577 | Orc:2    | Identified a +0 giant spiked club
 17578 | Orc:2    | Identified a +0 giant club
 17580 | Orc:2    | Identified a +0 giant spiked club
 17584 | Orc:2    | Identified a +0 flail
 17584 | Orc:2    | Identified a +6 plate armour of ponderousness
 17586 | Orc:2    | Identified a +0 giant spiked club
 17586 | Orc:2    | Identified a +0 giant spiked club
 17588 | Orc:2    | Identified a +0 troll leather armour
 17591 | Orc:2    | Identified a +0 falchion
 17596 | Orc:2    | Identified a +0 hand axe
 17605 | Orc:2    | Identified a +0 giant club
 17610 | Orc:2    | Identified a +0 troll leather armour
 17611 | Orc:2    | Identified a +0 giant spiked club
 17619 | Orc:2    | Identified a +0 troll leather armour
 17619 | Orc:2    | Identified a +0 giant club
 17620 | Orc:2    | Identified a +0 giant club
 17645 | Orc:2    | Found Sulox Uru's Armour Emporium.
 17646 | Orc:2    | Found Nodyokhleuss's General Store.
 17653 | Orc:2    | Identified a +0 giant club
 17653 | Orc:2    | Identified a +0 giant club
 17659 | Orc:2    | Reached **** piety under Dithmenos
 17661 | Orc:2    | Identified a +0 troll leather armour
 17666 | Orc:2    | Bought a potion of mutation for 104 gold pieces
 17760 | Orc:2    | Identified a +0 whip
 17761 | Orc:2    | Identified a +0 flail
 17761 | Orc:2    | Identified a +0 leather armour
 17764 | Orc:2    | Identified a +0 dire flail
 17764 | Orc:2    | Identified a +0 chain mail
 17791 | Orc:2    | Identified a +0 giant club
 18036 | Orc:2    | Bought a scroll of teleportation for 39 gold pieces
 18036 | Orc:2    | Bought a scroll of identify for 26 gold pieces
 18203 | Swamp:1  | Entered Level 1 of the Swamp
 18204 | Swamp:1  | Identified a scroll of vulnerability
 18205 | Swamp:1  | Identified a potion of cancellation
 18206 | Swamp:1  | Identified a scroll of silence
 18209 | Swamp:1  | Lost mutation: Your muscles are strong. (Str +4, Int/Dex
                  | -1) [potion of mutation]
 18209 | Swamp:1  | Lost mutation: You occasionally lose the ability to read
                  | scrolls when taking damage. [potion of mutation]
 18209 | Swamp:1  | Lost mutation: Your mind is acute. (Int +4, Str/Dex -1)
                  | [potion of mutation]
 18209 | Swamp:1  | Gained mutation: Your health recovers twice as slowly from
                  | being drained. [potion of mutation]
 18210 | Swamp:1  | Lost mutation: Your health recovers twice as slowly from
                  | being drained. [potion of mutation]
 18210 | Swamp:1  | Gained mutation: You have a pair of small horns on your
                  | head. [potion of mutation]
 18211 | Swamp:1  | Lost mutation: You have a pair of small horns on your head.
                  | [potion of mutation]
 18211 | Swamp:1  | Gained mutation: You are robust. (+10% HP) [potion of
                  | mutation]
 18211 | Swamp:1  | Gained mutation: Your spells are a little harder to cast,
                  | but a little more powerful. [potion of mutation]
 18211 | Swamp:1  | Lost mutation: You are robust. (+10% HP) [potion of
                  | mutation]
 18212 | Swamp:1  | Lost mutation: Your spells are a little harder to cast, but
                  | a little more powerful. [potion of mutation]
 18212 | Swamp:1  | Gained mutation: Armour fits poorly on your strangely
                  | shaped body. [potion of mutation]
 18213 | Swamp:1  | Lost mutation: Armour fits poorly on your strangely shaped
                  | body. [potion of mutation]
 18213 | Swamp:1  | Gained mutation: You have very sharp teeth. [potion of
                  | mutation]
 18213 | Swamp:1  | Gained mutation: You have an increased reservoir of magic.
                  | (+10% MP) [potion of mutation]
 18213 | Swamp:1  | Gained mutation: Your flesh is heat resistant. (rF+)
                  | [potion of mutation]
 18317 | Swamp:1  | Identified a +0 spear
 18334 | Swamp:1  | Reached skill level 18 in Dodging
 18434 | Swamp:1  | Reached skill level 8 in Armour
 18501 | Swamp:1  | Identified a +0 robe
 18510 | Swamp:1  | Identified a +0 rapier
 18510 | Swamp:1  | Identified a +0 animal skin
 18524 | Swamp:1  | Reached skill level 15 in Fighting
 18529 | Swamp:1  | Identified a +0 antimagic quarterstaff
 18529 | Swamp:1  | Identified a +0 animal skin
 18539 | Swamp:1  | Gained mutation: You are robust. (+10% HP) [demonic
                  | ancestry]
 18539 | Swamp:1  | Reached XP level 16. HP: 129/149 MP: 17/17
 18596 | Swamp:1  | Identified a +0 robe
 18657 | Swamp:1  | Identified a +0 ring mail
 18726 | Swamp:1  | Identified a +2 kite shield
 18734 | Swamp:1  | Identified a +0 great sword
 18735 | Swamp:1  | Identified a +0 crystal plate armour
 18802 | Swamp:1  | Reached ***** piety under Dithmenos
 19160 | Swamp:2  | Identified a +0 spear
 19281 | Swamp:2  | Identified a +0 ring mail of cold resistance
 19357 | Swamp:2  | Identified an amulet of the acrobat
 19429 | Swamp:2  | Found a large runed translucent door.
 19430 | Swamp:2  | Found a large runed translucent door.
 19434 | Swamp:2  | Noticed CrossHare's ghost (adept FeBe)
 19465 | Swamp:2  | Killed CrossHare's ghost
 19469 | Swamp:2  | Identified a ring of resist corrosion
 19902 | Swamp:3  | Identified a +0 chain mail
 19969 | Swamp:3  | Identified a +0 chain mail
 20000 | Swamp:3  | Identified a +0 scimitar
 20058 | Swamp:3  | Identified a +0 quarterstaff
 20058 | Swamp:3  | Identified a +0 robe
 20073 | Swamp:3  | Noticed a thorn hunter
 20078 | Swamp:3  | Reached skill level 13 in Unarmed Combat
 20089 | Swamp:3  | Killed a thorn hunter
 20188 | Swamp:3  | Identified a +0 quarterstaff
 20211 | Swamp:3  | Reached skill level 9 in Armour
 20348 | Swamp:4  | Entered Level 4 of the Swamp
 20414 | Swamp:4  | Noticed a thorn hunter
 20432 | Swamp:4  | Killed a thorn hunter
 20557 | Swamp:4  | Reached skill level 19 in Dodging
 21023 | Swamp:4  | Got a decaying rune of Zot
 21033 | Swamp:4  | HP: 34/151 [poison (poison gas)]
 21038 | Swamp:4  | HP: 19/151 [poison (poison gas)]
 21043 | Swamp:4  | HP: 22/151 [poison (poison gas)]
 21278 | Swamp:4  | Identified a +0 sling
 21282 | Swamp:4  | Identified +0 swamp dragon scales
 21378 | Swamp:4  | HP: 33/151 [poison (poison gas)]
 21383 | Swamp:4  | HP: 24/151 [poison (poison gas)]
 21388 | Swamp:4  | HP: 27/151 [poison (poison gas)]
 21470 | Swamp:4  | Identified a +0 chain mail
 21490 | Swamp:4  | Identified a +0 spear
 21490 | Swamp:4  | Identified a +0 buckler
 21498 | Swamp:4  | Reached XP level 17. HP: 158/158 MP: 18/18
 21504 | Swamp:4  | Identified +0 swamp dragon scales
 21526 | Swamp:4  | Identified a +1 hat
 21572 | Swamp:4  | Identified a +0 flail
 21646 | Swamp:4  | Identified a +0 scale mail
 21866 | Snake:1  | Entered Level 1 of the Snake Pit
 21866 | Snake:1  | Identified a +0 war axe
 21866 | Snake:1  | Identified a +0 longbow
 21866 | Snake:1  | Identified a +0 long sword
 21871 | Snake:1  | Reached ****** piety under Dithmenos
 21881 | Snake:1  | Identified the +7 mace of Disaster {antimagic, rC+ Will+
                  | Str+3}
 21881 | Snake:1  | Identified a +0 short sword
 21888 | Snake:1  | Identified a +0 hand axe
 21888 | Snake:1  | Identified a +0 tower shield
 21929 | Snake:1  | Reached skill level 16 in Fighting
 21930 | Snake:1  | Found Nyric's Jewellery Shop.
 21940 | Snake:1  | Identified a +0 spear
 21940 | Snake:1  | Identified a +0 robe
 21948 | Snake:1  | Identified a +0 trident
 21948 | Snake:1  | Identified a +0 flail
 21948 | Snake:1  | Identified a +0 robe
 21948 | Snake:1  | Identified a +0 flail of protection
 21948 | Snake:1  | Identified a +0 robe
 21950 | Snake:1  | Identified a +0 hand axe
 21950 | Snake:1  | Identified a +0 glaive
 22007 | Snake:1  | Identified a +0 short sword
 22021 | Snake:1  | Identified a +0 battleaxe
 22132 | Snake:1  | Identified a +0 whip
 22132 | Snake:1  | Identified a +0 robe
 22415 | Snake:1  | Identified a +0 long sword
 22415 | Snake:1  | Identified a +0 whip
 22415 | Snake:1  | Identified a +0 robe
 22573 | Snake:1  | Identified a +0 robe
 22758 | Snake:2  | Identified a +3 mace of holy wrath
 22769 | Snake:2  | Identified a +0 mace
 22769 | Snake:2  | Identified a +0 tower shield of protection
 22771 | Snake:2  | Identified a +0 long sword
 22771 | Snake:2  | Identified a +0 robe
 22931 | Snake:2  | Found Zuxt's Jewellery Boutique.
 22931 | Snake:2  | Found Feruibir's Book Emporium.
 22933 | Snake:2  | Found Lekkotta's Book Emporium.
 23013 | Snake:2  | Reached skill level 10 in Armour
 23020 | Snake:2  | Identified a +0 hand axe
 23226 | Snake:2  | Identified a +0 mace
 23364 | Snake:2  | Identified a +0 glaive
 23364 | Snake:2  | Identified a +0 robe
 23488 | Snake:2  | Identified a +0 rapier
 23525 | Snake:3  | Identified a +0 halberd
 23525 | Snake:3  | Identified a +0 long sword
 23534 | Snake:3  | Identified a +0 trident
 23537 | Snake:3  | Identified a +0 long sword
 23537 | Snake:3  | Identified a +0 robe
 23549 | Snake:3  | Identified a +0 halberd
 23549 | Snake:3  | Identified a +0 trident
 23565 | Snake:3  | Identified a +3 glaive of flaming
 23567 | Snake:3  | Identified a +0 glaive
 23567 | Snake:3  | Identified a +0 hand axe
 23567 | Snake:3  | Identified a +1 kite shield of poison resistance
 23596 | Snake:3  | Identified a +0 ring mail
 23626 | Snake:3  | Identified a +0 halberd
 23626 | Snake:3  | Identified a +0 robe
 23662 | Snake:3  | Identified a +0 scimitar
 23664 | Snake:3  | Identified a +0 glaive
 23664 | Snake:3  | Identified a +2 shortbow of flaming
 23665 | Snake:3  | Identified a +0 short sword
 23665 | Snake:3  | Identified a +0 robe
 23665 | Snake:3  | Identified a +0 battleaxe
 23665 | Snake:3  | Identified a +0 shortbow
 23674 | Snake:3  | Identified a +0 glaive
 23739 | Snake:3  | Identified a +0 plate armour of positive energy
 23749 | Snake:3  | Identified a +0 glaive
 23749 | Snake:3  | Identified a +0 robe
 23750 | Snake:3  | Identified a +0 club
 23756 | Snake:3  | Identified a +0 hand axe
 23756 | Snake:3  | Identified a +0 robe
 23756 | Snake:3  | Identified a +0 short sword
 23760 | Snake:3  | Identified a +0 halberd
 23763 | Snake:3  | Identified a +0 halberd
 23878 | Snake:3  | Identified a +0 heavy quarterstaff
 23878 | Snake:3  | Noticed Bai Suzhen
 23905 | Snake:3  | Killed Bai Suzhen
 23941 | Snake:3  | Identified a +2 heavy spear
 23962 | Snake:3  | Identified a +0 war axe
 23964 | Snake:3  | Identified a +0 flail
 23966 | Snake:3  | Identified a +0 long sword
 23966 | Snake:3  | Identified a +0 robe
 23967 | Snake:3  | Identified a +0 long sword
 23977 | Snake:3  | Reached skill level 20 in Dodging
 24073 | Snake:3  | Reached skill level 14 in Unarmed Combat
 24079 | Snake:3  | Identified a +0 war axe
 24110 | Snake:3  | Identified a +0 trident
 24110 | Snake:3  | Identified a +0 robe
 24111 | Snake:3  | Identified a +0 trident
 24113 | Snake:3  | Identified a +0 halberd
 24236 | Snake:3  | Identified a +0 war axe
 24260 | Snake:3  | Identified a +0 dagger
 24260 | Snake:3  | Identified a +0 robe
 24261 | Snake:3  | Identified a +0 shortbow of flaming
 24261 | Snake:3  | Identified a +0 trident
 24261 | Snake:3  | Identified a +4 vampiric glaive
 24422 | Snake:3  | Identified a +0 trident
 24426 | Snake:3  | Identified a +0 halberd
 24517 | Snake:3  | Identified a +0 flail
 24517 | Snake:3  | Identified a +4 antimagic halberd
 24519 | Snake:3  | Identified a +0 flail
 24615 | Snake:4  | Entered Level 4 of the Snake Pit
 24615 | Snake:4  | Identified a +0 shortbow of flaming
 24615 | Snake:4  | Identified a +0 club
 24616 | Snake:4  | Identified a +0 hand axe
 24619 | Snake:4  | Identified a +3 spear of freezing
 24622 | Snake:4  | Identified a +1 flail of draining
 24622 | Snake:4  | Identified a +0 robe
 24631 | Snake:4  | Reached skill level 11 in Armour
 24681 | Snake:4  | Identified a +0 short sword
 24681 | Snake:4  | Identified a +0 kite shield
 24682 | Snake:4  | Identified a +0 hand axe
 24682 | Snake:4  | Identified a +0 robe
 24682 | Snake:4  | Identified a +0 war axe
 24682 | Snake:4  | Identified a +0 kite shield
 24683 | Snake:4  | Identified a +0 short sword
 24683 | Snake:4  | Identified a +0 robe
 24683 | Snake:4  | Identified a +0 war axe
 24683 | Snake:4  | Identified a +0 robe
 24683 | Snake:4  | Identified a +0 spear
 24683 | Snake:4  | Identified a +0 war axe
 24683 | Snake:4  | Identified a +0 robe
 24683 | Snake:4  | Identified a +0 hand axe
 24683 | Snake:4  | Identified a +0 whip
 24683 | Snake:4  | Identified a +1 glaive
 24683 | Snake:4  | Identified a +0 dire flail
 24683 | Snake:4  | Identified a +0 robe
 24685 | Snake:4  | Identified a +0 hand axe
 24702 | Snake:4  | Identified a +0 hand axe
 24706 | Snake:4  | Identified a +0 war axe
 24706 | Snake:4  | Identified a +0 shortbow
 24709 | Snake:4  | Identified a +0 club
 24709 | Snake:4  | Identified a +0 robe
 24725 | Snake:4  | Identified a +0 halberd
 24725 | Snake:4  | Identified a +0 shortbow
 24777 | Snake:4  | Identified a +0 club
 24777 | Snake:4  | Identified a +0 robe
 24777 | Snake:4  | Identified a +0 glaive
 24817 | Snake:4  | Identified a +0 long sword
 24817 | Snake:4  | Identified a +0 robe
 24819 | Snake:4  | Identified a +0 quarterstaff
 24819 | Snake:4  | Identified a +0 robe
 24819 | Snake:4  | Identified a +0 whip
 24819 | Snake:4  | Identified a +0 robe
 24819 | Snake:4  | Identified a +0 club
 24819 | Snake:4  | Identified a +0 robe
 24819 | Snake:4  | Identified a +0 long sword
 24819 | Snake:4  | Identified a +0 kite shield
 24966 | Snake:4  | Identified a +2 halberd of venom
 24966 | Snake:4  | Identified a +0 robe
 24972 | Snake:4  | Identified a +0 club
 24979 | Snake:3  | Gained mutation: Your touch may irresistibly damage your
                  | foes and sap their willpower. [demonic ancestry]
 24979 | Snake:3  | Reached XP level 18. HP: 100/168 MP: 19/19
 25067 | Snake:4  | Identified a +1 spear of flaming
 25067 | Snake:4  | Identified a +0 dire flail
 25067 | Snake:4  | Identified a +0 robe
 25067 | Snake:4  | Identified a +0 glaive
 25067 | Snake:4  | Identified a +1 short sword of venom
 25067 | Snake:4  | Identified a +0 robe
 25077 | Snake:4  | Found a hazy altar of Hepliaklqana.
 25159 | Snake:4  | Identified a +0 halberd
 25177 | Snake:4  | Identified a +0 flail
 25177 | Snake:4  | Identified a +0 robe
 25272 | Snake:4  | Identified a +0 long sword
 25272 | Snake:4  | Identified a +0 robe
 25331 | Snake:4  | Identified a +0 spear
 25331 | Snake:4  | Identified a +0 robe
 25334 | Snake:4  | Identified a +0 club
 25339 | Snake:4  | Identified a +0 club
 25339 | Snake:4  | Identified a +0 robe
 25355 | Snake:4  | HP: 39/168 [poisoned by nagaraja (concentrated venom)]
 25358 | Snake:4  | HP: 19/168 [poisoned by nagaraja (concentrated venom)]
 25363 | Snake:4  | HP: 18/168 [poisoned by nagaraja (concentrated venom)]
 25528 | Snake:4  | Identified a +0 trident
 25528 | Snake:4  | Identified a +0 shortbow
 25551 | Snake:4  | Identified a +0 halberd
 25588 | Snake:4  | Identified a +0 whip
 25589 | Snake:4  | Identified a +0 flail
 25601 | Snake:4  | Reached skill level 12 in Armour
 25625 | Snake:4  | Identified a +0 halberd
 25633 | Snake:4  | Reached skill level 17 in Fighting
 25658 | Snake:4  | Identified a +0 flail
 25658 | Snake:4  | Identified a +0 robe
 25699 | Snake:4  | Identified a +0 dire flail
 25779 | Snake:4  | Got a serpentine rune of Zot
 25904 | Snake:4  | Identified a +0 scimitar
 25904 | Snake:4  | Identified a +0 robe
 25904 | Snake:4  | Identified a +1 kite shield of reflection
 25905 | Snake:4  | Identified a +4 halberd of holy wrath
 25915 | Snake:4  | Identified a +0 glaive
 26216 | Snake:4  | Identified a +0 glaive
 26341 | Snake:4  | Identified a +0 chain mail
 26580 | Vaults:1 | Entered Level 1 of the Vaults
 26656 | D:13     | Killed a lich
 26671 | D:13     | Killed Mexzoddasi's ghost
 26697 | D:13     | Killed a lich
 26706 | D:13     | Killed a lich
 26710 | D:13     | Killed a lich
 26721 | D:13     | Identified the ring of Tosainas {Fly rC+ Str+4}
 26724 | D:13     | Identified the ring of False Pretenses {rElec Dex+6 Stlth+}
 26730 | D:13     | Identified the +0 pair of boots "Iheiv" {rElec MP+9 Str+2}
 26737 | D:13     | Got Kikubaaqudgha's Secrets of Finality
 26753 | D:13     | Identified a +0 leather armour of poison resistance
 26814 | Vaults:1 | Identified a +0 mace
 26814 | Vaults:1 | Identified a +0 ring mail
 26819 | Vaults:1 | Identified a +0 troll leather armour
 26826 | Vaults:1 | Identified a +0 dire flail
 26826 | Vaults:1 | Identified a +0 animal skin
 26872 | Vaults:1 | Identified a +0 falchion
 26872 | Vaults:1 | Identified a +0 ring mail
 26873 | Vaults:1 | Identified a +0 morningstar
 26873 | Vaults:1 | Identified a +0 scale mail
 26902 | Vaults:1 | Identified a +0 great mace
 26902 | Vaults:1 | Identified a +0 leather armour
 26904 | Vaults:1 | Identified a +0 troll leather armour
 26907 | Vaults:1 | Identified a +0 dire flail
 26907 | Vaults:1 | Identified a +0 animal skin
 26908 | Vaults:1 | Identified a +0 long sword
 26908 | Vaults:1 | Identified a +0 scale mail
 26931 | Vaults:1 | Identified a +0 mace
 26931 | Vaults:1 | Identified a +0 ring mail
 26932 | Vaults:1 | Identified a +0 arbalest
 26933 | Vaults:1 | Identified a +0 arbalest
 26934 | Vaults:1 | Identified a +0 arbalest
 26937 | Vaults:1 | Identified a +0 morningstar
 26937 | Vaults:1 | Identified a +0 leather armour
 26948 | Vaults:1 | Identified a +0 great mace
 26948 | Vaults:1 | Identified a +0 ring mail
 26949 | Vaults:1 | Identified a +0 long sword
 26949 | Vaults:1 | Identified a +0 arbalest
 26949 | Vaults:1 | Identified a +0 scale mail
 26962 | Vaults:1 | Reached skill level 13 in Armour
 26970 | Vaults:1 | Identified a +0 great mace
 26970 | Vaults:1 | Identified a +0 ring mail
 26973 | Vaults:1 | Reached skill level 15 in Unarmed Combat
 27228 | Vaults:1 | Identified a +0 great mace
 27228 | Vaults:1 | Identified a +0 ring mail
 27233 | Vaults:1 | Identified a +2 great mace of protection
 27233 | Vaults:1 | Identified a +0 leather armour
 27244 | Vaults:1 | Identified a +0 troll leather armour
 27271 | Vaults:1 | Identified a +0 ring mail
 27297 | Vaults:1 | Identified the +3 robe of Courage {rC+ rCorr Int-2 Dex+5}
 27297 | Vaults:1 | Noticed Boris
 27312 | Vaults:1 | Killed Boris
 27472 | Vaults:1 | Identified a +0 ring mail
 27526 | Vaults:1 | Identified an amulet of reflection
 27607 | Vaults:1 | Identified a +0 plate armour of fire resistance
 27812 | Vaults:1 | Identified a +0 troll leather armour
 27816 | Vaults:1 | Paralysed by a formless jellyfish for 1 turns
 27925 | Vaults:1 | Identified a +0 troll leather armour
 27969 | Vaults:1 | Identified a +0 troll leather armour
 28048 | Vaults:2 | Identified a +0 flail
 28048 | Vaults:2 | Identified a +0 ring mail
 28130 | Vaults:2 | Identified a +0 long sword
 28130 | Vaults:2 | Identified a +0 ring mail
 28156 | Vaults:2 | Identified a +0 war axe
 28156 | Vaults:2 | Identified a +0 scale mail
 28201 | Vaults:2 | Identified a +0 morningstar
 28201 | Vaults:2 | Identified a +0 arbalest
 28201 | Vaults:2 | Identified a +0 ring mail
 28204 | Vaults:2 | Identified a +0 long sword
 28204 | Vaults:2 | Identified a +0 scale mail
 28210 | Vaults:2 | Identified a +0 glaive
 28210 | Vaults:2 | Identified a +0 plate armour
 28423 | Vaults:2 | HP: 23/171 [white very ugly thing (38)]
 28427 | Vaults:2 | Slain by a white very ugly thing

Table legend: (Time is in decaauts)
 A = Elapsed time spent in this place.
 B = Non-inter-level travel time spent in this place.
 C = Inter-level travel time spent in this place.
 D = Time resting spent in this place.
 E = Time spent auto-exploring this place.
 F = Levels seen in this place.
 G = Mean time per level.
                   A        B        C        D        E       F      G
               +--------+--------+--------+--------+--------+-----+--------+
         Total |  27978 |  25442 |   2536 |    698 |  17136 |  35 |  799.4 |
       Dungeon |  11912 |  10380 |   1532 |     35 |   7742 |  13 |  916.3 |
        Temple |    129 |     65 |     64 |      0 |      0 |   1 |  129.0 |
          Lair |   4057 |   3639 |    418 |      0 |   2616 |   5 |  811.4 |
         Swamp |   3537 |   3367 |    170 |    278 |   2039 |   4 |  884.2 |
     Snake Pit |   4433 |   4245 |    188 |    384 |   2820 |   4 | 1108.2 |
  Orcish Mines |   1110 |   1028 |     82 |      0 |    618 |   2 |  555.0 |
        Vaults |   1608 |   1528 |     80 |      0 |   1086 |   2 |  804.0 |
         Sewer |    253 |    253 |      0 |      0 |    101 |   1 |  253.0 |
      Ice Cave |    304 |    304 |      0 |      0 |    101 |   1 |  304.0 |
       Volcano |    189 |    189 |      0 |      0 |      0 |   1 |  189.0 |
      Gauntlet |    443 |    443 |      0 |      0 |     13 |   1 |  443.0 |
               +--------+--------+--------+--------+--------+-----+--------+

Top non-repeatable levels by time:
    D:13: 1468 daAuts
 Swamp:4: 1427 daAuts
 Snake:4: 1411 daAuts
 Snake:3: 1339 daAuts
     D:9: 1315 daAuts
Vaults:1: 1239 daAuts
     D:8: 1123 daAuts
     D:1: 1046 daAuts
  Lair:5: 1043 daAuts
     D:2: 1020 daAuts
     D:4: 999 daAuts
    D:12: 951 daAuts
    D:10: 938 daAuts
 Swamp:1: 932 daAuts
 Snake:1: 868 daAuts

Table legend:
 A = Kills in this place as a percentage of kills in the entire game.
 B = Kills by you in this place as a percentage of kills by you in the entire game.
 C = Kills by friends in this place as a percentage of kills by friends in the entire game.
 D = Other kills in this place as a percentage of other kills in the entire game.
 E = Experience gained in this place as a percentage of experience gained in the entire game.
 F = Experience gained in this place divided by the number of levels of this place that you have seen.
                   A       B       C       D       E      F
               +-------+-------+-------+-------+-------+----------------------
         Total | 100.0 | 100.0 |   N/A | 100.0 | 100.0 | 10557.8
       Dungeon |  34.5 |  34.6 |   N/A |  20.0 |  16.5 | 4684.2
          Lair |  16.3 |  16.4 |   N/A |   0.0 |  13.3 | 9840.2
         Swamp |  12.7 |  12.6 |   N/A |  40.0 |  22.0 | 20368.0
     Snake Pit |  14.9 |  15.0 |   N/A |   0.0 |  26.1 | 24102.0
  Orcish Mines |   8.3 |   8.4 |   N/A |   0.0 |   6.4 | 11737.5
        Vaults |   5.3 |   5.1 |   N/A |  40.0 |  11.5 | 21212.5
         Sewer |   4.2 |   4.2 |   N/A |   0.0 |   0.1 | 344.0
      Ice Cave |   2.3 |   2.3 |   N/A |   0.0 |   1.9 | 7194.0
       Volcano |   0.6 |   0.6 |   N/A |   0.0 |   0.8 | 2972.0
      Gauntlet |   0.9 |   0.9 |   N/A |   0.0 |   1.4 | 5138.0
               +-------+-------+-------+-------+-------+----------------------

Skill      XL: |  1  2  3  4  5  6  7  8  9 10 11 12 13 14 15 16 17 18 |
---------------+-------------------------------------------------------+-----
Unarmed Combat | 3 4 5 6 7 8 10 11 12 13 14 15 | 15.2
Fighting       | 3 4 5 6 7 8 9 10 11 13 14 15 16 17 | 17.6
Dodging        | 3 4 6 8 10 12 13 15 17 18 19 20 | 20.0
Armour         | 3 6 8 9 11 13 | 13.6
Throwing       | |  1.7

Action                     |  1- 3 |  4- 6 |  7- 9 | 10-12 | 13-15 | 16-18 || total
---------------------------+-------+-------+-------+-------+-------+-------++-------
  Melee: Unarmed           |   150 |   151 |   223 |   442 |   967 |  1122 ||  3055
         Punch             |     1 |     6 |    11 |    28 |    96 |   158 ||   300
         Touch             |       |     5 |    45 |    79 |   218 |   290 ||   637
         Bite              |       |       |       |       |    14 |   232 ||   246
  Throw: Throwing net      |       |       |       |     1 |       |     1 ||     2
 Invoke: Shadow Step       |       |       |       |       |       |    17 ||    17
  Evoke: Wand              |       |       |     4 |     5 |       |       ||     9
    Use: Scroll            |       |       |    12 |    12 |    10 |     4 ||    38
         Potion            |       |       |     6 |     2 |     6 |     1 ||    15
   Stab: Sleeping          |     3 |     3 |     2 |     4 |    22 |    37 ||    71
         Distracted        |       |       |       |     1 |     5 |     8 ||    14
         Invisible         |       |       |       |     1 |       |       ||     1
         Held in net/web   |       |       |       |       |       |     1 ||     1
 Armour: Leather armour    |    75 |    17 |       |       |       |       ||    92
         Robe              |       |    37 |   116 |   208 |   353 |   229 ||   943
         Swamp dragon scal |       |       |       |       |       |   242 ||   242
  Dodge: Dodged            |    93 |    68 |   142 |   410 |   970 |  1264 ||  2947
         Repelled          |       |     2 |     5 |    17 |    16 |    65 ||   105
  Block: Other             |    15 |    13 |    55 |    53 |   145 |   145 ||   426

Vanquished Creatures
  Boris (Vaults:1)
  Bai Suzhen (Snake:3)
  4 liches (D:13)
  2 thorn hunters
  6 nagarajas
  4 ironbound preservers (Vaults:1)
  A vault warden (Vaults:2)
  3 ghouls (Swamp:1)
  The ghost of CrossHare the Ripper, an adept FeBe of Trog (Swamp:2)
  A formless jellyfish (Vaults:1)
  A very ugly thing (Swamp:4)
  A stone giant (Orc:2)
  The ghost of Mexzoddasi the Bludgeoner, a journeyman MiBe of Trog (D:13)
  2 ironbound thunderhulks (Vaults:1)
  An eleionoma (Swamp:3)
  3 bunyips
  2 dire elephants
  A minotaur (Gauntlet)
  2 green deaths (Swamp:4)
  A yaktaur captain (Vaults:1)
  3 salamander tyrants
  6 great orbs of eyes
  12 hydras
  3 vault guards (D:13)
  A spriggan air mage (Swamp:1)
  2 ogre magi (Orc:2)
  9 alligators
  6 centaur warriors (D:13)
  2 ironbound frosthearts (Vaults:1)
  3 catoblepae
  2 hell beasts
  3 boulder beetles
  6 anacondas
  15 two-headed ogres
  3 ghost crabs
  A death yak (Lair:3)
  A thrashing horror (Swamp:4)
  A tengu warrior (D:13)
  2 spriggan berserkers (Swamp:1)
  6 naga sharpshooters
  18 naga warriors
  A skyshark (Lair:5)
  10 shock serpents
  3 sixfirhies (Gauntlet)
  2 sun demons
  2 salamander mystics
  7 mana vipers
  5 goliath frogs
  A deep elf archer (D:13)
  A spriggan druid (Swamp:3)
  10 swamp dragons
  3 arcanists
  17 deep trolls
  4 ironbound convokers
  19 bog bodies
  6 naga ritualists
  3 lindwurms (Vaults:2)
  2 obsidian bats (Orc:1)
  3 necromancers
  An orc knight (Orc:2)
  5 deep elf pyromancers
  Pikel (D:9)
  3 orc sorcerers
  3 ugly things
  3 will-o-the-wisps
  2 cyclopes
  6 elephants (Lair:5)
  3 manticores (D:13)
  7 spectral spriggans (Swamp:1)
  A worldbinder (Gauntlet)
  Joseph (D:8)
  2 ice statues (IceCv)
  19 salamanders
  5 guardian serpents
  2 large abominations (Swamp:4)
  A torpor snail (Lair:3)
  36 black mambas
  7 vault sentinels
  3 kobold blastminers
  22 naga magi
  18 cane toads
  5 orange demons
  An efreet (D:13)
  An unseen horror (D:13)
  5 kobold demonologists
  5 rime drakes
  2 yaktaurs (Vaults:1)
  Jeremiah (D:7)
  A tengu conjurer (D:13)
  12 komodo dragons
  3 freezing wraiths
  9 ice devils
  3 anaconda simulacra (IceCv)
  6 red devils
  A queen bee (D:9)
  11 trolls
  5 hornets
  A hellwing (Lair:5)
  3 polar bears
  12 tyrant leeches
  Prince Ribbit (D:7)
  6 blink frogs (Lair:5)
  21 slime creatures
  4 spriggans
  2 shadows
  16 humans (D:13)
  2 wraiths (D:12)
  58 yaks
  5 wyverns
  4 dire elephant simulacra (IceCv)
  Grum (D:8)
  17 vampire mosquitoes
  5 basilisks
  3 wargs
  2 steam dragons
  A death yak simulacrum (IceCv)
  30 nagas
  6 swamp worms
  An acid dragon (D:13)
  3 harpy simulacra
  A hydra simulacrum (IceCv)
  6 hell hounds
  18 water moccasins
  14 orc warriors
  7 swamp drakes
  3 ice beasts
  2 sky beasts
  7 black bears
  A crocodile (shapeshifter) (D:13)
  2 laughing skulls (D:13)
  5 boggarts
  20 ogres
  A small abomination (Swamp:4)
  20 wolves
  A phantom (D:4)
  2 centaurs (D:9)
  7 kobold brigands
  A gnoll sergeant (D:7)
  20 bullfrogs
  A scorpion (D:8)
  3 wights (D:10)
  13 jellies
  29 killer bees
  3 electric eels (D:8)
  4 howler monkeys
  A bombardier beetle (D:5)
  13 orc priests
  3 hounds
  4 iguanas
  A sleepcap (D:6)
  Terence (D:2)
  26 orc wizards
  A polar bear simulacrum (IceCv)
  A spriggan simulacrum (IceCv)
  A troll simulacrum (IceCv)
  A wolf simulacrum (IceCv)
  8 gnolls
  14 adders
  5 river rats
  3 white imps (D:8)
  6 ufetubi
  4 dart slugs
  5 ribbon worms
  67 orcs
  10 endoplasms
  5 giant cockroaches
  11 goblins
  2 hobgoblins (D:1)
  12 jackals
  2 quokkas
  25 ball pythons
  5 bats
  4 frilled lizards
  18 kobolds
  28 rats
1147 creatures vanquished.

Vanquished Creatures (others)
  An ironbound preserver (Vaults:1)
  A hydra (Swamp:2)
  An ironbound convoker (Vaults:1)
  7 bloated husks
  A swamp worm (Swamp:1)
  A boggart (Vaults:1)
  An orc wizard (D:3)
  8 foxfires
21 creatures vanquished.

Grand Total: 1168 creatures vanquished
